2857 views
Uploaded 2020-03-01 21:07:15
Game version 1.32.2
36:05 long 3on3 ladder game on (6)ThunderLake_LV
Saved by BEARAND
2857 views
Uploaded 2020-03-01 21:07:15
Game version 1.32.2
36:05 long 3on3 ladder game on (6)ThunderLake_LV


106 units @ 10.3k
/ 1.2k
281 buildings @ 24.2k
/ 13.5k


| Potion of Healing | 2 | 300 |
| Potion of Mana | 1 | 200 |
| Lesser Clarity Potion | 4 | 280 |
| Orb of Venom | 2 | 650 |
| Staff of Preservation | 2 | 300 |
| Boots of Speed | 2 | 500 |
| Staff of Teleportation | 2 | 300 |
| Potion of Invisibility | 1 | 100 |
| Healing Salve | 2 | 200 |
| total: | 18 | 2830g |
| Wisp | 43 | 2580 | / | 0 |
| Goblin Zeppelin | 2 | 480 | / | 120 |
| total: | 45 | 3060g | / | 120w |
| Altar of Elders | 1 | 180 | / | 50 |
| Moon Well | 22 | 3960 | / | 880 |
| Hunter's Hall | 1 | 210 | / | 100 |
| Tree of Life | 2 | 680 | / | 370 |
| Ancient of Wonders | 4 | 360 | / | 120 |
| Tree of Ages | 1 | 320 | / | 180 |
| Tree of Eternity | 1 | 330 | / | 200 |
| total: | 30 | 5390g | / | 1520w |
| 0:01 | Wisp |
| 0:05 | Altar of Elders |
| 0:09 | Wisp |
| 0:16 | Moon Well |
| 0:22 | Wisp |
| 0:37 | Wisp |
| 0:55 | Wisp |
| 1:04 | Wisp |
| 1:16 | Moon Well |
| 1:21 | Wisp |
| 1:32 | Wisp |
| 1:50 | Wisp |
| 2:03 | Wisp |
| 2:09 | Shadow Strike |
| 2:13 | Wisp |
| 2:17 | Wisp |
| 2:28 | Wisp |
| 2:48 | Moon Well |
| 3:26 | Tree of Ages |
| 4:32 | Moon Well |
| 5:26 | Boots of Speed |
| 5:26 | Staff of Teleportation |
| 5:44 | Moon Well |
| 6:24 | Breath of Fire |
| 6:39 | Boots of Speed |
| 6:54 | Tree of Eternity |
| 7:01 | Hunter's Hall |
| 7:19 | Moon Well |
| 9:00 | Tree of Life |
| 9:17 | Well Spring |
| 10:07 | Blink |
| 10:26 | Potion of Healing |
| 10:28 | Healing Salve |
| 10:32 | Potion of Mana |
| 10:52 | Wisp |
| 10:52 | Wisp |
| 10:52 | Wisp |
| 10:52 | Wisp |
| 11:06 | Wisp |
| 11:57 | Ultravision |
| 12:11 | Staff of Teleportation |
| 12:12 | Potion of Invisibility |
| 12:36 | Moon Well |
| 12:38 | Ancient of Wonders |
| 12:47 | Ancient of Wonders |
| 12:50 | Drunken Haze |
| 13:07 | Ancient of Wonders |
| 13:14 | Moon Well |
| 13:29 | Tree of Life |
| 13:38 | Nature's Blessing |
| 13:41 | Wisp |
| 13:41 | Wisp |
| 13:47 | Wisp |
| 13:48 | Wisp |
| 13:48 | Wisp |
| 13:52 | Wisp |
| 14:04 | Goblin Zeppelin |
| 14:30 | Wisp |
| 14:30 | Wisp |
| 15:26 | Potion of Healing |
| 15:27 | Lesser Clarity Potion |
| 15:56 | Wisp |
| 15:56 | Wisp |
| 15:58 | Wisp |
| 15:58 | Wisp |
| 15:58 | Wisp |
| 15:58 | Wisp |
| 15:59 | Wisp |
| 16:03 | Healing Salve |
| 16:08 | Lesser Clarity Potion |
| 16:14 | Moon Well |
| 16:17 | Wisp |
| 16:17 | Wisp |
| 16:19 | Wisp |
| 16:19 | Wisp |
| 16:55 | Ancient of Wonders |
| 17:12 | Orb of Venom |
| 17:15 | Staff of Preservation |
| 17:45 | Wisp |
| 17:45 | Wisp |
| 18:16 | Orb of Venom |
| 18:26 | Staff of Preservation |
| 18:30 | Moon Well |
| 19:29 | Moon Well |
| 19:37 | Moon Well |
| 19:45 | Goblin Zeppelin |
| 21:20 | Wisp |
| 21:20 | Wisp |
| 21:20 | Wisp |
| 21:20 | Wisp |
| 22:19 | Shadow Strike |
| 23:17 | Breath of Fire |
| 24:36 | Moon Well |
| 24:46 | Lesser Clarity Potion |
| 26:52 | Lesser Clarity Potion |
| 28:57 | Moon Well |
| 28:59 | Moon Well |
| 30:44 | Moon Well |
| 30:45 | Moon Well |
| 31:35 | Blink |
| 32:00 | Moon Well |
| 32:02 | Moon Well |
| 34:27 | Moon Well |
| 34:30 | Shadow Strike |
| 35:23 | Moon Well |
| 35:24 | Moon Well |
| Right click | 2726 |
| Select group | 797 |
| Assign group | 494 |
| Select | 400 |
| Resource trade | 266 |
| Use ability | 160 |
| Build/train/purchase | 138 |
| Misc. action | 17 |
| Item give/drop | 12 |
| Minimap ping | 4 |



| Potion of Healing | 2 | 300 |
| Lesser Clarity Potion | 1 | 70 |
| Staff of Sanctuary | 2 | 500 |
| Staff of Teleportation | 3 | 450 |
| Boots of Speed | 3 | 750 |
| Periapt of Vitality | 1 | 325 |
| Healing Salve | 2 | 200 |
| Orb of Venom | 2 | 650 |
| Staff of Preservation | 1 | 150 |
| Khadgar's Gem of Health | 2 | 1200 |
| Amulet of Spell Shield | 1 | 600 |
| Pendant of Mana | 1 | 600 |
| total: | 21 | 5795g |
| Peasant | 17 | 1275 | / | 0 |
| Priest | 3 | 405 | / | 30 |
| Sorceress | 1 | 155 | / | 20 |
| Dragonhawk Rider | 5 | 1000 | / | 150 |
| total: | 26 | 2835g | / | 200w |
| Scout Tower | 124 | 3720 | / | 2480 |
| Arcane Tower | 14 | 980 | / | 700 |
| Guard Tower | 90 | 6300 | / | 4500 |
| Altar of Kings | 1 | 180 | / | 50 |
| Farm | 5 | 400 | / | 100 |
| Lumber Mill | 1 | 120 | / | 0 |
| Town Hall | 1 | 385 | / | 205 |
| Arcane Vault | 3 | 390 | / | 90 |
| Blacksmith | 1 | 140 | / | 60 |
| Barracks | 1 | 160 | / | 60 |
| Arcane Sanctum | 1 | 150 | / | 140 |
| Gryphon Aviary | 1 | 140 | / | 150 |
| Keep | 2 | 640 | / | 420 |
| Castle | 2 | 720 | / | 420 |
| total: | 139 | 5785g | / | 3335w |
| 0:01 | Peasant |
| 0:07 | Altar of Kings |
| 0:13 | Peasant |
| 0:18 | Farm |
| 0:25 | Peasant |
| 0:25 | Peasant |
| 0:43 | Peasant |
| 0:55 | Farm |
| 0:56 | Peasant |
| 1:04 | Lumber Mill |
| 1:11 | Scout Tower |
| 1:12 | Scout Tower |
| 1:13 | Peasant |
| 1:14 | Peasant |
| 1:24 | Peasant |
| 1:38 | Peasant |
| 1:42 | Arcane Tower |
| 1:48 | Peasant |
| 2:07 | Blizzard |
| 2:12 | Guard Tower |
| 2:15 | Scout Tower |
| 2:16 | Scout Tower |
| 2:17 | Peasant |
| 2:17 | Peasant |
| 2:17 | Peasant |
| 2:28 | Scout Tower |
| 2:28 | Scout Tower |
| 2:29 | Scout Tower |
| 2:29 | Scout Tower |
| 2:29 | Scout Tower |
| 2:30 | Scout Tower |
| 2:44 | Guard Tower |
| 2:46 | Peasant |
| 2:58 | Guard Tower |
| 3:35 | Guard Tower |
| 3:36 | Keep |
| 3:38 | Scout Tower |
| 3:38 | Scout Tower |
| 4:00 | Brilliance Aura |
| 4:05 | Guard Tower |
| 4:09 | Farm |
| 4:11 | Farm |
| 4:15 | Guard Tower |
| 4:16 | Arcane Tower |
| 4:16 | Guard Tower |
| 4:16 | Guard Tower |
| 4:29 | Scout Tower |
| 4:29 | Scout Tower |
| 4:30 | Scout Tower |
| 4:30 | Scout Tower |
| 4:30 | Guard Tower |
| 4:39 | Improved Masonry |
| 4:42 | Guard Tower |
| 4:46 | Scout Tower |
| 4:47 | Scout Tower |
| 4:47 | Scout Tower |
| 4:47 | Scout Tower |
| 4:48 | Scout Tower |
| 4:48 | Scout Tower |
| 4:51 | Scout Tower |
| 4:53 | Scout Tower |
| 4:54 | Scout Tower |
| 4:56 | Staff of Teleportation |
| 4:56 | Boots of Speed |
| 5:08 | Guard Tower |
| 5:19 | Guard Tower |
| 6:07 | Guard Tower |
| 6:07 | Guard Tower |
| 6:19 | Arcane Sanctum |
| 6:21 | Guard Tower |
| 6:31 | Scout Tower |
| 6:31 | Scout Tower |
| 6:33 | Scout Tower |
| 6:34 | Scout Tower |
| 6:34 | Scout Tower |
| 6:34 | Scout Tower |
| 7:37 | Town Hall |
| 7:43 | Scout Tower |
| 7:44 | Scout Tower |
| 7:44 | Scout Tower |
| 7:44 | Scout Tower |
| 7:45 | Scout Tower |
| 7:46 | Scout Tower |
| 7:46 | Scout Tower |
| 7:46 | Scout Tower |
| 7:47 | Scout Tower |
| 7:47 | Scout Tower |
| 7:52 | Storm Bolt |
| 7:55 | Guard Tower |
| 7:56 | Guard Tower |
| 8:12 | Arcane Tower |
| 8:19 | Guard Tower |
| 8:21 | Magic Sentry |
| 8:22 | Priest |
| 8:41 | Guard Tower |
| 8:41 | Guard Tower |
| 8:54 | Guard Tower |
| 8:56 | Scout Tower |
| 8:56 | Scout Tower |
| 8:57 | Scout Tower |
| 8:57 | Scout Tower |
| 9:10 | Guard Tower |
| 9:12 | Peasant |
| 9:12 | Peasant |
| 9:15 | Guard Tower |
| 9:20 | Guard Tower |
| 9:22 | Arcane Tower |
| 9:59 | Guard Tower |
| 10:07 | Castle |
| 10:13 | Guard Tower |
| 10:14 | Scout Tower |
| 10:14 | Scout Tower |
| 10:15 | Scout Tower |
| 10:15 | Scout Tower |
| 10:15 | Scout Tower |
| 10:16 | Scout Tower |
| 10:29 | Potion of Healing |
| 10:32 | Healing Salve |
| 10:52 | Guard Tower |
| 10:55 | Guard Tower |
| 10:56 | Advanced Masonry |
| 11:07 | Guard Tower |
| 11:08 | Guard Tower |
| 11:35 | Blizzard |
| 11:43 | Healing Salve |
| 11:43 | Lesser Clarity Potion |
| 11:55 | Scout Tower |
| 11:55 | Scout Tower |
| 11:56 | Scout Tower |
| 11:56 | Scout Tower |
| 11:58 | Arcane Tower |
| 11:58 | Guard Tower |
| 12:27 | Scout Tower |
| 12:28 | Scout Tower |
| 12:30 | Scout Tower |
| 12:30 | Scout Tower |
| 12:31 | Scout Tower |
| 12:31 | Scout Tower |
| 12:31 | Scout Tower |
| 12:32 | Scout Tower |
| 12:33 | Scout Tower |
| 12:34 | Scout Tower |
| 12:35 | Scout Tower |
| 12:36 | Scout Tower |
| 12:36 | Scout Tower |
| 12:37 | Scout Tower |
| 12:37 | Scout Tower |
| 12:38 | Scout Tower |
| 12:38 | Scout Tower |
| 12:39 | Bash |
| 12:50 | Guard Tower |
| 13:20 | Periapt of Vitality |
| 13:21 | Boots of Speed |
| 13:32 | Guard Tower |
| 13:34 | Arcane Tower |
| 13:34 | Guard Tower |
| 13:51 | Guard Tower |
| 13:55 | Scout Tower |
| 13:55 | Scout Tower |
| 13:56 | Scout Tower |
| 13:56 | Scout Tower |
| 13:56 | Scout Tower |
| 13:57 | Scout Tower |
| 13:58 | Scout Tower |
| 13:58 | Scout Tower |
| 13:58 | Scout Tower |
| 13:59 | Scout Tower |
| 13:59 | Scout Tower |
| 14:00 | Scout Tower |
| 14:00 | Scout Tower |
| 14:00 | Scout Tower |
| 14:01 | Scout Tower |
| 14:55 | Scout Tower |
| 14:56 | Scout Tower |
| 15:28 | Potion of Healing |
| 15:42 | Staff of Teleportation |
| 16:04 | Guard Tower |
| 16:07 | Arcane Vault |
| 16:30 | Arcane Vault |
| 16:47 | Guard Tower |
| 16:47 | Guard Tower |
| 16:48 | Guard Tower |
| 16:48 | Guard Tower |
| 16:49 | Holy Light |
| 16:50 | Orb of Venom |
| 16:51 | Staff of Preservation |
| 17:01 | Guard Tower |
| 17:23 | Scout Tower |
| 17:26 | Scout Tower |
| 17:26 | Scout Tower |
| 17:35 | Khadgar's Gem of Health |
| 17:41 | Scout Tower |
| 17:41 | Scout Tower |
| 17:42 | Scout Tower |
| 17:42 | Scout Tower |
| 17:42 | Scout Tower |
| 17:43 | Staff of Sanctuary |
| 17:54 | Guard Tower |
| 17:55 | Guard Tower |
| 17:57 | Guard Tower |
| 18:01 | Arcane Tower |
| 18:01 | Guard Tower |
| 18:18 | Gryphon Aviary |
| 18:19 | Blacksmith |
| 18:20 | Barracks |
| 18:22 | Guard Tower |
| 18:42 | Farm |
| 18:57 | Orb of Venom |
| 19:02 | Guard Tower |
| 19:03 | Guard Tower |
| 19:03 | Guard Tower |
| 19:07 | Guard Tower |
| 19:43 | Guard Tower |
| 19:49 | Staff of Sanctuary |
| 19:53 | Priest |
| 19:54 | Sorceress |
| 19:55 | Sorceress Adept Training |
| 19:57 | Guard Tower |
| 20:06 | Dragonhawk Rider |
| 20:06 | Dragonhawk Rider |
| 20:07 | Dragonhawk Rider |
| 20:07 | Dragonhawk Rider |
| 20:09 | Guard Tower |
| 20:12 | Scout Tower |
| 20:13 | Scout Tower |
| 20:13 | Scout Tower |
| 20:14 | Scout Tower |
| 20:17 | Scout Tower |
| 20:18 | Scout Tower |
| 20:18 | Scout Tower |
| 20:19 | Scout Tower |
| 20:19 | Scout Tower |
| 20:20 | Scout Tower |
| 20:21 | Scout Tower |
| 20:21 | Scout Tower |
| 20:22 | Scout Tower |
| 20:26 | Scout Tower |
| 20:26 | Scout Tower |
| 20:27 | Scout Tower |
| 20:27 | Scout Tower |
| 20:28 | Scout Tower |
| 20:50 | Arcane Tower |
| 20:50 | Guard Tower |
| 20:52 | Scout Tower |
| 20:53 | Scout Tower |
| 20:54 | Scout Tower |
| 21:10 | Amulet of Spell Shield |
| 21:13 | Pendant of Mana |
| 21:14 | Khadgar's Gem of Health |
| 21:24 | Guard Tower |
| 21:28 | Scout Tower |
| 21:43 | Staff of Teleportation |
| 21:43 | Boots of Speed |
| 22:17 | Arcane Vault |
| 22:34 | Storm Bolt |
| 22:53 | Brilliance Aura |
| 23:53 | Guard Tower |
| 23:54 | Scout Tower |
| 23:55 | Scout Tower |
| 23:55 | Scout Tower |
| 23:57 | Scout Tower |
| 23:58 | Scout Tower |
| 24:08 | Guard Tower |
| 24:15 | Dragonhawk Rider |
| 24:16 | Iron Forged Swords |
| 24:16 | Studded Leather Armor |
| 24:17 | Animal War Training |
| 24:28 | Guard Tower |
| 24:28 | Guard Tower |
| 24:48 | Guard Tower |
| 24:48 | Guard Tower |
| 26:36 | Steel Forged Swords |
| 26:36 | Reinforced Leather Armor |
| 26:47 | Guard Tower |
| 27:02 | Arcane Tower |
| 27:02 | Arcane Tower |
| 28:38 | Divine Shield |
| 29:34 | Arcane Tower |
| 29:34 | Arcane Tower |
| 32:00 | Priest |
| 33:07 | Bash |
| 33:08 | Holy Light |
| 34:25 | Brilliance Aura |
| Right click | 3847 |
| Select | 1550 |
| Select group | 559 |
| Build/train/purchase | 311 |
| Use ability | 175 |
| Resource trade | 39 |
| Chat | 26 |
| Misc. action | 25 |
| Assign group | 21 |
| Item give/drop | 20 |
| Minimap ping | 16 |


| Healing Salve | 3 | 300 |
| Lesser Clarity Potion | 2 | 140 |
| Boots of Speed | 3 | 750 |
| Circlet of Nobility | 1 | 175 |
| Periapt of Vitality | 1 | 325 |
| Staff of Teleportation | 2 | 300 |
| Orb of Venom | 2 | 650 |
| Staff of Sanctuary | 2 | 500 |
| Pendant of Mana | 1 | 600 |
| Claws of Attack +9 | 1 | 300 |
| Khadgar's Gem of Health | 1 | 600 |
| total: | 19 | 4640g |
| Peon | 14 | 1050 | / | 0 |
| Troll Batrider | 21 | 3360 | / | 840 |
| total: | 35 | 4410g | / | 840w |
| Watch Tower | 99 | 10890 | / | 7920 |
| Altar of Storms | 1 | 180 | / | 50 |
| Orc Burrow | 4 | 640 | / | 160 |
| Voodoo Lounge | 2 | 260 | / | 60 |
| War Mill | 1 | 205 | / | 0 |
| Barracks | 3 | 540 | / | 150 |
| Beastiary | 2 | 290 | / | 280 |
| Stronghold | 1 | 315 | / | 190 |
| Fortress | 1 | 325 | / | 190 |
| total: | 112 | 13005g | / | 8620w |
| 0:02 | Peon |
| 0:02 | Peon |
| 0:06 | Altar of Storms |
| 0:08 | Orc Burrow |
| 0:20 | Peon |
| 0:32 | Voodoo Lounge |
| 0:55 | Peon |
| 1:01 | War Mill |
| 1:13 | Peon |
| 1:13 | Peon |
| 1:20 | Peon |
| 1:31 | Orc Burrow |
| 1:38 | Peon |
| 1:49 | Peon |
| 1:51 | Peon |
| 2:07 | Healing Salve |
| 2:07 | Lesser Clarity Potion |
| 2:08 | Lesser Clarity Potion |
| 2:09 | Wind Walk |
| 2:14 | Watch Tower |
| 2:17 | Peon |
| 2:37 | Peon |
| 2:58 | Peon |
| 2:58 | Peon |
| 3:51 | Stronghold |
| 4:11 | Watch Tower |
| 4:12 | Watch Tower |
| 4:25 | Watch Tower |
| 4:25 | Watch Tower |
| 5:27 | Boots of Speed |
| 5:27 | Circlet of Nobility |
| 5:29 | Periapt of Vitality |
| 5:50 | Watch Tower |
| 5:50 | Watch Tower |
| 6:17 | Fortress |
| 6:59 | Beastiary |
| 7:41 | Hex |
| 7:49 | Orc Burrow |
| 7:53 | Watch Tower |
| 7:54 | Watch Tower |
| 8:11 | Staff of Teleportation |
| 8:11 | Boots of Speed |
| 8:18 | Boots of Speed |
| 8:52 | Reinforced Defenses |
| 8:54 | Troll Batrider |
| 8:54 | Troll Batrider |
| 9:18 | Watch Tower |
| 9:19 | Watch Tower |
| 10:00 | Watch Tower |
| 10:00 | Watch Tower |
| 10:01 | Watch Tower |
| 10:01 | Watch Tower |
| 10:40 | Watch Tower |
| 10:41 | Watch Tower |
| 10:45 | Watch Tower |
| 10:46 | Watch Tower |
| 10:57 | Spiked Barricades |
| 11:18 | Critical Strike |
| 11:47 | Watch Tower |
| 11:48 | Watch Tower |
| 11:49 | Watch Tower |
| 11:52 | Watch Tower |
| 11:52 | Watch Tower |
| 12:00 | Watch Tower |
| 12:04 | Watch Tower |
| 12:05 | Watch Tower |
| 12:10 | Watch Tower |
| 12:11 | Watch Tower |
| 12:12 | Watch Tower |
| 12:34 | Troll Batrider |
| 12:34 | Troll Batrider |
| 12:45 | Voodoo Lounge |
| 12:58 | Watch Tower |
| 12:59 | Watch Tower |
| 12:59 | Watch Tower |
| 13:21 | Watch Tower |
| 13:25 | Watch Tower |
| 13:29 | Watch Tower |
| 13:29 | Watch Tower |
| 13:49 | Orb of Venom |
| 14:09 | Watch Tower |
| 14:09 | Watch Tower |
| 14:30 | Healing Wave |
| 15:12 | Watch Tower |
| 15:12 | Watch Tower |
| 15:37 | Healing Salve |
| 15:40 | Healing Salve |
| 15:57 | Watch Tower |
| 15:57 | Watch Tower |
| 16:00 | Orc Burrow |
| 16:04 | Liquid Fire |
| 16:04 | Troll Batrider |
| 16:05 | Troll Batrider |
| 16:07 | Steel Ranged Weapons |
| 16:18 | Watch Tower |
| 16:19 | Watch Tower |
| 16:20 | Watch Tower |
| 16:26 | Watch Tower |
| 16:48 | Watch Tower |
| 17:02 | Watch Tower |
| 17:03 | Watch Tower |
| 17:17 | Watch Tower |
| 17:17 | Watch Tower |
| 17:20 | Watch Tower |
| 17:20 | Watch Tower |
| 17:50 | Watch Tower |
| 17:51 | Watch Tower |
| 17:52 | Watch Tower |
| 17:56 | Watch Tower |
| 17:58 | Watch Tower |
| 18:00 | Staff of Teleportation |
| 18:07 | Troll Batrider |
| 18:07 | Troll Batrider |
| 18:07 | Troll Batrider |
| 18:09 | Staff of Sanctuary |
| 18:31 | Watch Tower |
| 18:39 | Wind Walk |
| 19:35 | Watch Tower |
| 19:36 | Watch Tower |
| 19:37 | Watch Tower |
| 19:37 | Watch Tower |
| 19:46 | Watch Tower |
| 19:47 | Watch Tower |
| 19:54 | Troll Batrider |
| 19:54 | Troll Batrider |
| 19:57 | Thorium Ranged Weapons |
| 20:18 | Staff of Sanctuary |
| 20:24 | Orb of Venom |
| 21:08 | Watch Tower |
| 21:09 | Watch Tower |
| 21:17 | Pendant of Mana |
| 21:32 | Watch Tower |
| 21:33 | Watch Tower |
| 21:34 | Watch Tower |
| 21:35 | Watch Tower |
| 21:53 | Watch Tower |
| 21:54 | Watch Tower |
| 22:19 | Watch Tower |
| 22:20 | Watch Tower |
| 22:21 | Watch Tower |
| 22:21 | Watch Tower |
| 23:00 | Troll Batrider |
| 23:00 | Troll Batrider |
| 23:09 | Arcanite Ranged Weapons |
| 23:09 | Steel Armor |
| 23:25 | Watch Tower |
| 23:27 | Watch Tower |
| 23:28 | Watch Tower |
| 24:51 | Watch Tower |
| 24:52 | Watch Tower |
| 25:24 | Watch Tower |
| 25:28 | Watch Tower |
| 25:29 | Watch Tower |
| 25:30 | Watch Tower |
| 26:14 | Barracks |
| 26:18 | Thorium Armor |
| 26:22 | Barracks |
| 26:42 | Watch Tower |
| 26:43 | Watch Tower |
| 26:43 | Watch Tower |
| 26:49 | Barracks |
| 27:14 | Claws of Attack +9 |
| 27:41 | Troll Regeneration |
| 27:56 | Watch Tower |
| 27:57 | Watch Tower |
| 27:58 | Watch Tower |
| 27:59 | Watch Tower |
| 28:38 | Critical Strike |
| 28:47 | Watch Tower |
| 29:02 | Watch Tower |
| 29:03 | Watch Tower |
| 29:06 | Watch Tower |
| 29:51 | Khadgar's Gem of Health |
| 29:56 | Watch Tower |
| 30:45 | Healing Wave |
| 32:54 | Troll Batrider |
| 32:55 | Troll Batrider |
| 32:55 | Troll Batrider |
| 32:55 | Troll Batrider |
| 32:55 | Troll Batrider |
| 32:59 | Beastiary |
| 34:07 | Arcanite Armor |
| 35:14 | Troll Batrider |
| 35:14 | Troll Batrider |
| 35:14 | Troll Batrider |
| Right click | 2891 |
| Select group | 1170 |
| Select | 305 |
| Build/train/purchase | 145 |
| Use ability | 99 |
| Minimap ping | 41 |
| Misc. action | 34 |
| Assign group | 24 |
| Item give/drop | 6 |
| Chat | 6 |
| Esc | 1 |
191 units @ 31k
/ 6.1k
103 buildings @ 14.7k
/ 7.8k


| Healing Salve | 2 | 200 |
| Lesser Clarity Potion | 3 | 210 |
| Orb of Lightning | 2 | 750 |
| Tiny Great Hall | 1 | 600 |
| Potion of Mana | 1 | 200 |
| Scroll of Speed | 1 | 50 |
| Scroll of Town Portal | 2 | 700 |
| total: | 12 | 2710g |
| Peon | 18 | 1350 | / | 0 |
| Troll Headhunter | 13 | 1820 | / | 260 |
| Troll Berserker | 8 | 1120 | / | 160 |
| Demolisher | 7 | 1540 | / | 350 |
| Kodo Beast | 2 | 510 | / | 120 |
| Wind Rider | 4 | 1060 | / | 160 |
| Goblin Shredder | 1 | 375 | / | 100 |
| Razormane Medicine Man | 1 | 350 | / | 60 |
| total: | 54 | 8125g | / | 1210w |
| Watch Tower | 36 | 3960 | / | 2880 |
| War Mill | 1 | 205 | / | 0 |
| Orc Burrow | 6 | 960 | / | 240 |
| Barracks | 3 | 540 | / | 150 |
| Altar of Storms | 1 | 180 | / | 50 |
| Voodoo Lounge | 7 | 910 | / | 210 |
| Tauren Totem | 2 | 270 | / | 310 |
| Beastiary | 2 | 290 | / | 280 |
| Spirit Lodge | 2 | 300 | / | 300 |
| Stronghold | 1 | 315 | / | 190 |
| Fortress | 1 | 325 | / | 190 |
| total: | 60 | 7615g | / | 4420w |
| 0:02 | Peon |
| 0:03 | Peon |
| 0:20 | War Mill |
| 0:27 | Peon |
| 0:34 | Orc Burrow |
| 0:47 | Peon |
| 0:49 | Barracks |
| 1:02 | Peon |
| 1:06 | Altar of Storms |
| 1:24 | Peon |
| 1:46 | Orc Burrow |
| 1:53 | Troll Headhunter |
| 2:13 | Troll Headhunter |
| 2:23 | Voodoo Lounge |
| 2:53 | Troll Headhunter |
| 3:15 | War Stomp |
| 3:32 | Troll Headhunter |
| 3:56 | Stronghold |
| 3:59 | Troll Headhunter |
| 4:33 | Voodoo Lounge |
| 4:57 | Troll Headhunter |
| 4:58 | Voodoo Lounge |
| 5:05 | Troll Headhunter |
| 5:08 | Orc Burrow |
| 5:23 | Troll Headhunter |
| 5:33 | Steel Ranged Weapons |
| 6:16 | Troll Headhunter |
| 6:25 | Fortress |
| 6:26 | Healing Salve |
| 6:26 | Healing Salve |
| 6:41 | Barracks |
| 7:01 | Troll Headhunter |
| 7:12 | Endurance Aura |
| 7:29 | Razormane Medicine Man |
| 7:41 | Reinforced Defenses |
| 7:43 | Troll Headhunter |
| 7:57 | Troll Headhunter |
| 8:14 | Orc Burrow |
| 8:19 | Troll Regeneration |
| 8:23 | War Stomp |
| 8:49 | Berserker Upgrade |
| 9:11 | Troll Headhunter |
| 9:57 | Troll Berserker |
| 10:24 | Troll Berserker |
| 10:24 | Troll Berserker |
| 10:43 | Watch Tower |
| 12:01 | Watch Tower |
| 12:03 | Watch Tower |
| 12:08 | Watch Tower |
| 12:16 | Peon |
| 12:19 | Demolisher |
| 12:21 | Demolisher |
| 13:04 | Troll Berserker |
| 13:18 | Troll Berserker |
| 13:23 | Orc Burrow |
| 13:35 | Lesser Clarity Potion |
| 13:35 | Lesser Clarity Potion |
| 14:00 | Endurance Aura |
| 14:31 | Watch Tower |
| 14:32 | Watch Tower |
| 14:33 | Watch Tower |
| 15:49 | Voodoo Lounge |
| 16:00 | Watch Tower |
| 16:04 | Watch Tower |
| 16:16 | Troll Berserker |
| 16:25 | Troll Berserker |
| 16:25 | Troll Berserker |
| 16:55 | Peon |
| 16:55 | Peon |
| 16:56 | Peon |
| 17:05 | Watch Tower |
| 17:05 | Watch Tower |
| 17:06 | Watch Tower |
| 17:21 | Orb of Lightning |
| 17:46 | Tiny Great Hall |
| 17:50 | Potion of Mana |
| 17:57 | Watch Tower |
| 18:02 | Watch Tower |
| 18:41 | Peon |
| 18:41 | Peon |
| 18:54 | Peon |
| 18:54 | Peon |
| 18:54 | Peon |
| 19:22 | Peon |
| 19:27 | Orc Burrow |
| 19:50 | Burning Oil |
| 19:55 | Tauren Totem |
| 19:59 | Beastiary |
| 20:00 | Beastiary |
| 20:17 | Voodoo Lounge |
| 21:09 | Peon |
| 21:09 | Peon |
| 21:22 | Watch Tower |
| 21:38 | Goblin Shredder |
| 21:44 | Watch Tower |
| 21:44 | Watch Tower |
| 21:56 | Demolisher |
| 21:57 | Demolisher |
| 22:28 | Kodo Beast |
| 22:59 | Watch Tower |
| 23:00 | Watch Tower |
| 23:12 | Watch Tower |
| 23:12 | Watch Tower |
| 23:18 | Scroll of Town Portal |
| 23:22 | Watch Tower |
| 23:43 | Watch Tower |
| 23:49 | Watch Tower |
| 23:51 | Watch Tower |
| 23:56 | Watch Tower |
| 24:21 | Watch Tower |
| 25:36 | Watch Tower |
| 25:36 | Watch Tower |
| 25:45 | Envenomed Spears |
| 25:45 | Wind Rider |
| 26:37 | Barracks |
| 26:37 | Tauren Totem |
| 26:39 | Spirit Lodge |
| 26:40 | Spirit Lodge |
| 27:02 | Orb of Lightning |
| 27:03 | Scroll of Town Portal |
| 27:03 | Scroll of Speed |
| 27:03 | Lesser Clarity Potion |
| 27:09 | Thorium Ranged Weapons |
| 27:09 | Steel Armor |
| 27:09 | Spiked Barricades |
| 27:21 | Wind Rider |
| 27:24 | Hex |
| 27:47 | Watch Tower |
| 27:48 | Watch Tower |
| 27:49 | Watch Tower |
| 28:18 | Wind Rider |
| 29:22 | Arcanite Ranged Weapons |
| 29:36 | Voodoo Lounge |
| 29:37 | Watch Tower |
| 29:39 | Voodoo Lounge |
| 29:40 | Watch Tower |
| 29:42 | Watch Tower |
| 29:45 | Watch Tower |
| 29:50 | Demolisher |
| 29:52 | War Drums Damage Increase |
| 29:53 | Kodo Beast |
| 31:26 | Demolisher |
| 32:26 | Healing Wave |
| 32:37 | Demolisher |
| 32:38 | Wind Rider |
| Right click | 2353 |
| Select group | 1525 |
| Select | 776 |
| Assign group | 155 |
| Build/train/purchase | 146 |
| Misc. action | 54 |
| Use ability | 38 |
| Esc | 16 |
| Minimap ping | 16 |
| Item give/drop | 3 |
| Remove unit | 1 |


| Moonstone | 2 | 100 |
| Pendant of Mana | 1 | 600 |
| total: | 3 | 700g |
| Wisp | 22 | 1320 | / | 0 |
| Archer | 3 | 390 | / | 30 |
| Huntress | 8 | 1560 | / | 160 |
| Dryad | 13 | 1885 | / | 780 |
| Druid of the Talon | 29 | 4205 | / | 580 |
| Glaive Thrower | 23 | 4830 | / | 1495 |
| Chimaera | 2 | 660 | / | 140 |
| total: | 100 | 14850g | / | 3185w |
| Ancient Protector | 3 | 405 | / | 240 |
| Altar of Elders | 1 | 180 | / | 50 |
| Moon Well | 9 | 1620 | / | 360 |
| Ancient of War | 1 | 150 | / | 60 |
| Hunter's Hall | 1 | 210 | / | 100 |
| Ancient of Wonders | 1 | 90 | / | 30 |
| Tree of Life | 1 | 340 | / | 185 |
| Ancient of Lore | 3 | 465 | / | 435 |
| Ancient of Wind | 1 | 150 | / | 140 |
| Chimaera Roost | 2 | 280 | / | 380 |
| Tree of Ages | 1 | 320 | / | 180 |
| Tree of Eternity | 1 | 330 | / | 200 |
| total: | 23 | 3890g | / | 1980w |
| 0:02 | Wisp |
| 0:10 | Altar of Elders |
| 0:12 | Moon Well |
| 0:15 | Wisp |
| 0:26 | Wisp |
| 0:41 | Wisp |
| 0:48 | Ancient of War |
| 0:52 | Wisp |
| 1:06 | Wisp |
| 1:20 | Wisp |
| 1:29 | Moon Well |
| 1:38 | Wisp |
| 1:49 | Archer |
| 1:57 | Wisp |
| 2:04 | Archer |
| 2:10 | Fan of Knives |
| 2:23 | Moon Well |
| 2:46 | Hunter's Hall |
| 3:03 | Archer |
| 3:32 | Moon Well |
| 3:50 | Ancient Protector |
| 3:55 | Ancient of Wonders |
| 3:59 | Huntress |
| 4:32 | Huntress |
| 4:38 | Strength of the Moon |
| 5:06 | Blink |
| 5:11 | Huntress |
| 5:14 | Moonstone |
| 5:28 | Huntress |
| 5:50 | Tree of Ages |
| 6:36 | Tree of Life |
| 6:52 | Moon Armor |
| 7:18 | Fan of Knives |
| 7:26 | Huntress |
| 7:53 | Moonstone |
| 7:59 | Sentinel |
| 8:05 | Strength of the Wild |
| 8:17 | Moon Glaive |
| 9:15 | Wisp |
| 9:15 | Wisp |
| 9:15 | Wisp |
| 9:15 | Wisp |
| 9:22 | Ancient of Lore |
| 9:27 | Ancient of Lore |
| 9:49 | Entangling Roots |
| 10:16 | Huntress |
| 10:17 | Huntress |
| 10:30 | Wisp |
| 10:30 | Wisp |
| 10:30 | Wisp |
| 10:31 | Wisp |
| 10:31 | Wisp |
| 10:39 | Ancient of Lore |
| 10:41 | Reinforced Hides |
| 10:47 | Abolish Magic |
| 11:23 | Ancient of Wind |
| 11:27 | Ultravision |
| 11:53 | Dryad |
| 11:53 | Dryad |
| 11:53 | Dryad |
| 11:55 | Dryad |
| 12:01 | Wisp |
| 12:01 | Wisp |
| 12:05 | Moon Well |
| 12:13 | Moon Well |
| 12:31 | Druid of the Talon Adept Training |
| 12:44 | Ancient Protector |
| 12:54 | Wisp |
| 12:54 | Wisp |
| 13:07 | Ancient Protector |
| 13:36 | Druid of the Talon |
| 13:36 | Druid of the Talon |
| 13:37 | Druid of the Talon |
| 13:37 | Druid of the Talon |
| 13:37 | Druid of the Talon |
| 13:37 | Druid of the Talon |
| 13:37 | Druid of the Talon |
| 13:43 | Dryad |
| 13:53 | Improved Strength of the Wild |
| 14:04 | Druid of the Talon |
| 14:04 | Druid of the Talon |
| 14:04 | Druid of the Talon |
| 14:42 | Dryad |
| 14:51 | Tree of Eternity |
| 15:17 | Druid of the Talon |
| 15:18 | Druid of the Talon |
| 15:18 | Druid of the Talon |
| 15:57 | Druid of the Talon |
| 16:02 | Dryad |
| 16:16 | Pendant of Mana |
| 16:47 | Moon Well |
| 16:49 | Moon Well |
| 16:52 | Improved Reinforced Hides |
| 17:44 | Glaive Thrower |
| 17:44 | Glaive Thrower |
| 18:45 | Glaive Thrower |
| 18:45 | Glaive Thrower |
| 19:06 | Force of Nature |
| 19:50 | Vorpal Blades |
| 19:51 | Advanced Strength of the Wild |
| 19:52 | Advanced Reinforced Hides |
| 19:52 | Well Spring |
| 19:55 | Druid of the Talon Master Training |
| 22:17 | Glaive Thrower |
| 22:17 | Glaive Thrower |
| 22:17 | Glaive Thrower |
| 23:24 | Glaive Thrower |
| 23:24 | Glaive Thrower |
| 23:24 | Glaive Thrower |
| 23:25 | Glaive Thrower |
| 23:32 | Dryad |
| 23:32 | Dryad |
| 23:32 | Dryad |
| 23:33 | Dryad |
| 23:33 | Dryad |
| 23:33 | Dryad |
| 24:15 | Chimaera Roost |
| 24:19 | Chimaera Roost |
| 25:07 | Glaive Thrower |
| 25:07 | Glaive Thrower |
| 25:07 | Glaive Thrower |
| 25:07 | Glaive Thrower |
| 25:08 | Glaive Thrower |
| 25:48 | Chimaera |
| 25:48 | Chimaera |
| 25:52 | Corrosive Breath |
| 26:19 | Moon Well |
| 27:51 | Druid of the Talon |
| 27:51 | Druid of the Talon |
| 27:51 | Druid of the Talon |
| 27:51 | Druid of the Talon |
| 27:51 | Druid of the Talon |
| 27:51 | Druid of the Talon |
| 27:52 | Druid of the Talon |
| 28:34 | Mark of the Talon |
| 29:38 | Druid of the Talon |
| 29:38 | Druid of the Talon |
| 32:11 | Huntress |
| 32:13 | Glaive Thrower |
| 32:13 | Glaive Thrower |
| 32:13 | Glaive Thrower |
| 32:13 | Glaive Thrower |
| 32:13 | Glaive Thrower |
| 32:13 | Glaive Thrower |
| 32:13 | Glaive Thrower |
| 33:32 | Druid of the Talon |
| 33:32 | Druid of the Talon |
| 33:32 | Druid of the Talon |
| 33:32 | Druid of the Talon |
| 34:53 | Druid of the Talon |
| 34:54 | Druid of the Talon |
| Right click | 1583 |
| Select group | 1086 |
| Select | 660 |
| Build/train/purchase | 171 |
| Misc. action | 169 |
| Assign group | 62 |
| Use ability | 38 |
| Esc | 19 |
| Minimap ping | 4 |
| Resource trade | 4 |
| Item give/drop | 1 |
| Remove unit | 1 |


| Rod of Necromancy | 1 | 150 |
| Sacrificial Skull | 1 | 50 |
| Dust of Appearance | 2 | 150 |
| Scroll of Healing | 2 | 500 |
| Potion of Lesser Invulnerability | 1 | 150 |
| Scroll of Protection | 1 | 150 |
| total: | 8 | 1150g |
| Acolyte | 8 | 600 | / | 0 |
| Ghoul | 7 | 840 | / | 0 |
| Crypt Fiend | 9 | 1935 | / | 360 |
| Obsidian Statue | 2 | 400 | / | 70 |
| Frost Wyrm | 11 | 4235 | / | 1320 |
| total: | 37 | 8010g | / | 1750w |
| Nerubian Tower | 1 | 100 | / | 20 |
| Spirit Tower | 10 | 1450 | / | 400 |
| Altar of Darkness | 1 | 180 | / | 50 |
| Ziggurat | 11 | 1650 | / | 550 |
| Crypt | 1 | 200 | / | 50 |
| Graveyard | 1 | 215 | / | 0 |
| Tomb of Relics | 1 | 130 | / | 30 |
| Necropolis | 1 | 225 | / | 0 |
| Slaughterhouse | 1 | 140 | / | 135 |
| Sacrificial Pit | 1 | 75 | / | 150 |
| Boneyard | 2 | 350 | / | 400 |
| Halls of the Dead | 1 | 320 | / | 210 |
| Black Citadel | 1 | 325 | / | 230 |
| total: | 20 | 3165g | / | 1365w |
| 0:03 | Acolyte |
| 0:03 | Acolyte |
| 0:26 | Altar of Darkness |
| 0:28 | Ziggurat |
| 0:34 | Crypt |
| 0:58 | Graveyard |
| 1:13 | Tomb of Relics |
| 1:32 | Ziggurat |
| 1:40 | Ghoul |
| 1:41 | Ghoul |
| 1:41 | Ghoul |
| 1:54 | Ghoul |
| 2:20 | Crypt Fiend |
| 2:20 | Crypt Fiend |
| 2:20 | Crypt Fiend |
| 2:30 | Nerubian Tower |
| 2:33 | Death Coil |
| 2:38 | Rod of Necromancy |
| 3:02 | Crypt Fiend |
| 3:23 | Crypt Fiend |
| 3:41 | Spirit Tower |
| 3:46 | Ziggurat |
| 4:10 | Crypt Fiend |
| 4:38 | Halls of the Dead |
| 4:48 | Unholy Aura |
| 5:16 | Ghoul |
| 5:20 | Ziggurat |
| 6:19 | Death Coil |
| 6:37 | Crypt Fiend |
| 6:39 | Creature Attack |
| 7:02 | Web |
| 7:03 | Ghoul |
| 8:02 | Frost Nova |
| 8:05 | Acolyte |
| 8:05 | Acolyte |
| 8:06 | Acolyte |
| 8:06 | Acolyte |
| 8:08 | Acolyte |
| 8:18 | Sacrificial Skull |
| 8:25 | Dust of Appearance |
| 8:36 | Slaughterhouse |
| 8:53 | Ziggurat |
| 8:56 | Ziggurat |
| 8:57 | Ziggurat |
| 8:58 | Ziggurat |
| 9:44 | Unholy Aura |
| 9:59 | Black Citadel |
| 10:00 | Obsidian Statue |
| 10:04 | Spirit Tower |
| 10:49 | Obsidian Statue |
| 10:51 | Spirit Tower |
| 10:52 | Spirit Tower |
| 10:54 | Spirit Tower |
| 10:59 | Ziggurat |
| 11:00 | Ziggurat |
| 12:01 | Frost Armor |
| 12:08 | Necropolis |
| 12:13 | Ziggurat |
| 12:17 | Sacrificial Pit |
| 12:21 | Spirit Tower |
| 12:21 | Spirit Tower |
| 12:23 | Ghoul |
| 12:42 | Creature Carapace |
| 12:52 | Spirit Tower |
| 12:56 | Spirit Tower |
| 13:50 | Boneyard |
| 13:51 | Boneyard |
| 13:57 | Frost Nova |
| 14:08 | Spirit Tower |
| 14:12 | Improved Creature Attack |
| 14:38 | Potion of Lesser Invulnerability |
| 14:39 | Scroll of Healing |
| 14:43 | Scroll of Protection |
| 14:44 | Scroll of Healing |
| 14:53 | Crypt Fiend |
| 15:16 | Frost Wyrm |
| 15:19 | Frost Wyrm |
| 16:03 | Frost Wyrm |
| 17:12 | Frost Wyrm |
| 18:12 | Freezing Breath |
| 18:45 | Advanced Creature Attack |
| 19:32 | Improved Creature Carapace |
| 20:39 | Acolyte |
| 22:35 | Crypt Fiend |
| 23:26 | Advanced Creature Carapace |
| 24:40 | Frost Wyrm |
| 25:03 | Death Coil |
| 25:52 | Frost Wyrm |
| 27:41 | Dust of Appearance |
| 29:16 | Frost Armor |
| 30:49 | Burrow |
| 32:28 | Frost Wyrm |
| 33:09 | Frost Wyrm |
| 33:10 | Frost Wyrm |
| 34:13 | Frost Wyrm |
| 34:15 | Frost Wyrm |
| Right click | 2453 |
| Select group | 1661 |
| Select | 426 |
| Build/train/purchase | 131 |
| Use ability | 75 |
| Resource trade | 57 |
| Assign group | 49 |
| Minimap ping | 23 |
| Misc. action | 16 |
| Item give/drop | 4 |
| Remove unit | 3 |
⇛